 Dungeon Crawl Stone Soup version 0.28.0 (webtiles) character file.

Game seed: 4977892789208782120

5053 PBDoughboyy the Basher (level 10, 0/82 HPs)
             Began as a Gnoll Cinder Acolyte on Feb 9, 2022.
             Was a Follower of Ignis.
             Engulfed by a fire crab (shapeshifter)'s flame (12 damage)
             ... on level 9 of the Dungeon.
             The game lasted 01:12:56 (11292 turns).

PBDoughboyy the Basher (Gnoll Cinder Acolyte)      Turns: 11292, Time: 01:12:56

Health: 0/82       AC:  2    Str: 14    XL:     10   Next: 56%
Magic:  14/19      EV: 21    Int: 18    God:    Ignis [*.....]
Gold:   436        SH:  0    Dex: 12    Spells: 6/21 levels left

rFire   + . .      SeeInvis .     - Unarmed
rCold   . . .      Faith    .   (shield currently unavailable)
rNeg    + . .      Spirit   .   (armour currently unavailable)
rPois   x          Reflect  .   (helmet currently unavailable)
rElec   .          Harm     .   (cloak currently unavailable)
rCorr   .          Rampage  .   (gloves currently unavailable)
Will    .....                   (boots currently unavailable)
Stlth   +++.......              (no amulet)
HPRegen 0.23/turn               F - ring of positive energy
MPRegen 0.16/turn               (no ring)

@: spider-form, studying Earth Magic
A: venomous fangs, tiny, (fangs 1), strong nose, distributed training
a: End Transformation, Renounce Religion, Fiery Armour, Foxfire Swarm, Rising
Flame


You were on level 9 of the Dungeon.
You worshipped Ignis.
Ignis was aware of your devotion.
You were a venomous arachnid creature.
You visited 2 branches of the dungeon, and saw 10 of its levels.
You also visited: Ossuary.

You collected 436 gold pieces.

Inventory:

Hand Weapons
 I - a +0 flail of holy wrath (melded)
Missiles
 o - a boomerang (quivered)
 x - 22 poisoned darts
Armour
 b - a +0 robe (melded)
 n - a +0 buckler
 s - a scarf of shadows
 J - a +1 cloak (melded)
Jewellery
 c - a ring of ice
 F - a ring of positive energy (left front leg)
Wands
 k - a wand of acid (7)
 q - a wand of charming (13)
 r - a wand of digging (5)
 u - a wand of iceblast (22)
 E - a wand of paralysis (6)
Scrolls
 d - 3 scrolls of silence {unknown}
 e - 5 scrolls of teleportation
 g - a scroll of vulnerability {unknown}
 i - a scroll of holy word
 j - 3 scrolls of enchant armour {unknown}
 t - 2 scrolls of fear
 w - a scroll of immolation {unknown}
 y - a scroll of blinking {unknown}
 z - a scroll of enchant weapon {unknown}
 B - 2 scrolls of amnesia {unknown}
 D - 2 scrolls of magic mapping {unknown}
 G - a scroll of noise {unknown}
Potions
 f - a potion of invisibility {unknown}
 h - 6 potions of curing
 l - 4 potions of heal wounds
 m - 3 potions of lignification
 p - a potion of brilliance {unknown}
 v - a potion of resistance {unknown}
 A - 2 potions of haste
 C - a potion of berserk rage
 H - a potion of might {unknown}


   Skills:
 + Level 8.6 Fighting
 + Level 5.4 Short Blades
 + Level 5.4 Long Blades
 + Level 5.4 Axes
 + Level 8.6 Maces & Flails
 + Level 5.4 Polearms
 + Level 5.4 Staves
 + Level 5.4 Slings
 + Level 5.4 Bows
 + Level 5.4 Crossbows
 + Level 5.4 Throwing
 + Level 5.4 Armour
 + Level 5.4 Dodging
 + Level 5.4 Stealth
 + Level 5.4 Shields
 + Level 5.4 Unarmed Combat
 + Level 6.1 Spellcasting
 + Level 4.4 Conjurations
 + Level 4.4 Hexes
 + Level 4.4 Summonings
 + Level 4.4 Necromancy
 + Level 4.4 Translocations
 + Level 4.4 Transmutations
 + Level 7.1 Fire Magic
 + Level 4.4 Ice Magic
 + Level 4.4 Air Magic
 + Level 5.8 Earth Magic
 + Level 4.4 Poison Magic
 + Level 5.9 Invocations
 + Level 5.4 Evocations


You had 6 spell levels left.
You knew the following spells:

 Your Spells              Type           Power      Damage    Failure   Level
a - Stone Arrow           Conj/Erth      48%        3d10      13%         3
b - Summon Small Mammal   Summ           84%        N/A       8%          1
c - Passwall              Tmut/Erth      20%        N/A       9%          2
d - Wereblood             Tmut           21%        N/A       10%         2
e - Poisonous Vapours     Pois/Air       42%        N/A       10%         2
f - Spider Form           Tmut/Pois      21%        N/A       16%         3
g - Scorch                Fire           62%        2d8       4%          2

Your spell library contained the following spells:

 Spells                   Type           Power      Damage    Failure   Level
 Sandblast                Erth           52%        2d12      5%          1
 Beastly Appendage        Tmut           42%        N/A       8%          1
 Corpse Rot               Necr/Air       42%        N/A       10%         2
 Call Canine Familiar     Summ           21%        N/A       16%         3
 Summon Guardian Golem    Hex/Summ       21%        N/A       16%         3
 Flame Wave               Conj/Fire      26%        2d7       26%         4
 Fulminant Prism          Conj/Hex       10%        3d9       38%         4
 Iskenderun's Mystic Bla  Conj/Tloc      21%        2d6       38%         4
 Olgreb's Toxic Radiance  Pois           21%        N/A       38%         4
 Lee's Rapid Deconstruct  Erth           13%        3d10*     52%         5
 Summon Cactus Giant      Summ           10%        N/A       99%         6
 Ozocubu's Refrigeration  Ice            10%        4d7       100%        7
 Ignition                 Fire           15%        3d6       100%        8


Dungeon Overview and Level Annotations

Branches:
Dungeon (9/15)             Temple (1/1) D:5         Ossuary (visited)
   Lair: D:8-11         Orc: D:9-12

Altars:
Ashenzari
Cheibriados
Dithmenos
Elyvilon
Fedhas
Gozag
Hepliaklqana
Kikubaaqudgha
Makhleb
Nemelex Xobeh
Okawaru
Qazlal
Ru
Sif Muna
Trog
Uskayaw
Vehumet
Wu Jian
Xom
Yredelemnul
Zin
The Shining One

Shops:
D:2 (   D:5 *   D:8 (


Innate Abilities, Weirdness & Mutations

You are a venomous arachnid creature.
You have poisonous fangs.
You are tiny and dextrous.
Your spellcasting is less reliable in this form.
Your armour is entirely melded.
You are incapable of wielding weapons or throwing items.
((You have very sharp teeth.))
Your uncanny sense of smell can sniff out nearby items.
Your experience applies equally to all skills.


Message History

Aim: a harpy shaped shifter (ally target, 60% to hit)
Okay, then.
Your rat closely misses the harpy.
Casting: Poisonous Vapours (safe; 2% risk of failure)
Confirm with . or Enter, or press ? or * to list all spells.
You turn into a venomous arachnid creature.
Your +0 flail of holy wrath melds into your body.
Your +1 cloak melds into your body.
Your +0 robe melds into your body.
Your +0 flail of holy wrath stops glowing.
The harpy changes into a fire crab!
Your rat bites the fire crab but does no damage.
You hit the fire crab.
The fire crab is poisoned.
The fire crab is lightly wounded.
Your rat bites the fire crab but does no damage.
The fire crab completely misses you. The fire crab claws you!
You are engulfed in flames!
You resist.
You hit the fire crab.
The fire crab looks as sick as possible!
The fire crab is lightly wounded.
Your rat completely misses the fire crab.
You barely miss the fire crab.
The fire crab is lightly wounded.
The fire crab completely misses you. The fire crab claws you!
You are engulfed in flames!
You resist.
Your rat bites the fire crab but does no damage.
The fire crab breathes flames at you. The blast of flame engulfs you.
You resist.
You are engulfed in blazing flames.
You resist.
* * * LOW HITPOINT WARNING * * *
Your rat bites the fire crab but does no damage.
You hit the fire crab but do no damage.
The fire crab is moderately wounded.
You are engulfed in blazing flames.
You resist.
* * * LOW HITPOINT WARNING * * *
The fire crab breathes flames at you. The blast of flame misses you.
As you read the scroll of fear, it crumbles to dust.
You assume a fearsome visage.
The fire crab looks frightened!
You are engulfed in blazing flames.
You resist.
You die...

#..... .....#
#....# #....#
#....# #....# +
#....#
#.#####r...####+ ∆
#.○○○st°°.......
#.○○°°○°°.......
....○○○°°°........
.....#####°.......
..... #........
###. #........ #
#........
#........
.....####


You could see a fire crab shaped shifter (fleeing, very poisoned, ally target)
and a friendly rat (summoned).

Vanquished Creatures
  A two-headed ogre (D:9)
  Maurice (D:8)
  Joseph (D:7)
  A vampire (D:8)
  5 yaks
  3 orc warriors
  A black bear (D:4)
  An ogre (D:5)
  3 ice beasts
  2 centaurs
  3 phantoms (D:5)
  2 kobold brigands
  A gnoll sergeant (D:7)
  A scorpion (D:7)
  8 water moccasin zombies
  3 killer bees
  5 wights (D:8)
  2 electric eels (D:7)
  A howler monkey (D:6)
  2 hounds
  A centaur zombie (D:6)
  3 orc priests
  A jelly (D:6)
  A bullfrog skeleton (D:5)
  A centaur skeleton (D:5)
  An iguana (D:4)
  2 orc wizards
  A hound zombie (D:5)
  2 mummies (Ossuary)
  A howler monkey zombie (D:8)
  4 gnolls (D:7)
  2 adders
  2 shadow imps
  A white imp (D:6)
  An ufetubus (D:7)
  5 adder zombies (Ossuary)
  A dart slug (D:2)
  27 orcs
  6 endoplasms
  4 giant cockroaches
  3 gnoll zombies (Ossuary)
  4 goblins
  A hobgoblin (D:4)
  17 kobolds
  4 quokkas
  10 ball pythons
  6 bats
  5 frilled lizards
  4 hobgoblin zombies (Ossuary)
  2 kobold zombies (Ossuary)
  2 orc zombies (Ossuary)
  10 rats
182 creatures vanquished.

Vanquished Creatures (collateral kills)
  A bullfrog zombie (D:5)
  A bullfrog skeleton (D:7)
  An adder zombie (Ossuary)
  2 gnoll zombies (Ossuary)
  A hobgoblin zombie (Ossuary)
  A kobold zombie (Ossuary)
7 creatures vanquished.

Vanquished Creatures (others)
  68 foxfires
68 creatures vanquished.

Grand Total: 257 creatures vanquished

Notes
Turn   | Place    | Note
-------+----------+-------------------------------------------
     0 | D:1      | PBDoughboyy the Gnoll Cinder Acolyte began the quest for
                  | the Orb.
     0 | D:1      | Reached XP level 1. HP: 23/23 MP: 4/4
    51 | D:1      | Found a faded altar of an unknown god.
    87 | D:1      | Reached XP level 2. HP: 26/29 MP: 5/5
    92 | D:1      | Learned a level 2 spell: Scorch
   738 | D:2      | Found Bedun's Weapon Shoppe.
   826 | D:2      | Reached XP level 3. HP: 35/35 MP: 1/7
  1210 | D:2      | Reached skill level 1 in Invocations
  1672 | D:2      | Reached skill level 1 in Short Blades
  1672 | D:2      | Reached skill level 1 in Long Blades
  1672 | D:2      | Reached skill level 1 in Axes
  1672 | D:2      | Reached skill level 1 in Polearms
  1672 | D:2      | Reached skill level 1 in Staves
  1672 | D:2      | Reached skill level 1 in Slings
  1672 | D:2      | Reached skill level 1 in Bows
  1672 | D:2      | Reached skill level 1 in Crossbows
  1672 | D:2      | Reached skill level 1 in Throwing
  1672 | D:2      | Reached skill level 1 in Armour
  1672 | D:2      | Reached skill level 1 in Dodging
  1672 | D:2      | Reached skill level 1 in Stealth
  1672 | D:2      | Reached skill level 1 in Shields
  1672 | D:2      | Reached skill level 1 in Unarmed Combat
  1672 | D:2      | Reached skill level 1 in Evocations
  1820 | D:3      | Reached XP level 4. HP: 41/41 MP: 5/8
  2384 | D:4      | Reached skill level 1 in Conjurations
  2384 | D:4      | Reached skill level 1 in Hexes
  2384 | D:4      | Reached skill level 1 in Summonings
  2384 | D:4      | Reached skill level 1 in Necromancy
  2384 | D:4      | Reached skill level 1 in Translocations
  2384 | D:4      | Reached skill level 1 in Transmutations
  2384 | D:4      | Reached skill level 1 in Ice Magic
  2384 | D:4      | Reached skill level 1 in Air Magic
  2384 | D:4      | Reached skill level 1 in Earth Magic
  2384 | D:4      | Reached skill level 1 in Poison Magic
  2393 | D:4      | Learned a level 1 spell: Summon Small Mammal
  2504 | D:4      | Reached XP level 5. HP: 40/47 MP: 9/9
  2740 | D:4      | Noticed a black bear
  2751 | D:4      | Killed a black bear
  2752 | D:4      | Reached XP level 6. HP: 47/53 MP: 4/11
  2875 | D:4      | Learned a level 2 spell: Passwall
  2918 | D:4      | Learned a level 2 spell: Wereblood
  3302 | D:4      | Found a bloodstained altar of Trog.
  3428 | D:4      | Learned a level 2 spell: Poisonous Vapours
  3436 | D:5      | Entered Level 5 of the Dungeon
  3436 | D:5      | Found Boulom's Overcharged Wands.
  3566 | D:5      | Noticed an ice beast
  3571 | D:5      | Killed an ice beast
  3577 | D:5      | Reached XP level 7. HP: 51/59 MP: 9/12
  3965 | D:5      | Found a staircase to the Ecumenical Temple.
  3991 | Temple   | Entered the Ecumenical Temple
  4489 | D:6      | Reached XP level 8. HP: 36/67 MP: 10/14
  4691 | D:6      | Found a sand-covered staircase.
  4698 | Ossuary  | Entered an ossuary
  5727 | Ossuary  | Learned a level 3 spell: Spider Form
  6384 | D:7      | Noticed Joseph
  6841 | D:6      | Reached XP level 9. HP: 40/72 MP: 7/16
  7562 | D:7      | Reached skill level 5 in Spellcasting
  7918 | D:7      | Killed Joseph
  8839 | D:8      | Learned a level 3 spell: Stone Arrow
  8945 | D:8      | Reached skill level 5 in Invocations
  9008 | D:8      | Found Zosoegid's Weapon Shoppe.
  9591 | D:8      | Noticed Maurice
  9614 | D:8      | Killed Maurice
  9615 | D:8      | Reached skill level 5 in Earth Magic
  9615 | D:8      | Reached XP level 10. HP: 58/80 MP: 6/18
 10050 | D:5      | Reached skill level 5 in Short Blades
 10050 | D:5      | Reached skill level 5 in Long Blades
 10050 | D:5      | Reached skill level 5 in Axes
 10050 | D:5      | Reached skill level 5 in Polearms
 10050 | D:5      | Reached skill level 5 in Staves
 10050 | D:5      | Reached skill level 5 in Slings
 10050 | D:5      | Reached skill level 5 in Bows
 10050 | D:5      | Reached skill level 5 in Crossbows
 10050 | D:5      | Reached skill level 5 in Throwing
 10050 | D:5      | Reached skill level 5 in Armour
 10050 | D:5      | Reached skill level 5 in Dodging
 10050 | D:5      | Reached skill level 5 in Stealth
 10050 | D:5      | Reached skill level 5 in Shields
 10050 | D:5      | Reached skill level 5 in Unarmed Combat
 10050 | D:5      | Reached skill level 5 in Evocations
 10889 | D:9      | Noticed a two-headed ogre
 10902 | D:9      | Killed a two-headed ogre
 11282 | D:9      | Noticed a harpy
 11282 | D:9      | a queen bee changed into a harpy
 11285 | D:9      | Noticed a fire crab
 11285 | D:9      | a harpy changed into a fire crab
 11292 | D:9      | Engulfed by a fire crab (shapeshifter)'s flame

Illustrated notes

Levels and vault maps discovered:
D:1:      amcnicky_arrival_flooded_fountain, layout_basic,
          ebering_ecumenical_altar_mist, minmay_misc_feat_hallway,
          minmay_misc_feat_pillars, minmay_pentomino_v2
D:2:      layout_rooms, serial_shops, nicolae_shop_crystal
D:3:      layout_basic
D:4:      layout_basic, trog_butcher_becter
D:5:      layout_basic, minmay_temple_entry_proselytizer, corexii_checkpoint_a,
          nicolae_shop_overcharged_wands
D:6:      layout_loops_ring, chequers_ossuary_entry_cave, minmay_manual_moon
D:7:      layout_rooms, minivault_22, water_boxes_lemuel, uniq_joseph
D:8:      layout_loops_cross, serial_shops, nicolae_shop_bloodbath_and_beyond,
          minmay_misc_feat_enclosed, uniq_maurice
D:9:      layout_irregular_city, gammafunk_ghost_berserking_beasts,
          kennysheep_generic_room_8, uniq_erica
Temple:   kilobyte_greek_temple

Skill      XL: |  1  2  3  4  5  6  7  8  9 10 |
---------------+-------------------------------+-----
Invocations    | 1 2 3 4 5 |  5.9
Short Blades   | 1 2 3 4 5 |  5.4
Long Blades    | 1 2 3 4 5 |  5.4
Axes           | 1 2 3 4 5 |  5.4
Polearms       | 1 2 3 4 5 |  5.4
Staves         | 1 2 3 4 5 |  5.4
Slings         | 1 2 3 4 5 |  5.4
Bows           | 1 2 3 4 5 |  5.4
Crossbows      | 1 2 3 4 5 |  5.4
Throwing       | 1 2 3 4 5 |  5.4
Armour         | 1 2 3 4 5 |  5.4
Dodging        | 1 2 3 4 5 |  5.4
Stealth        | 1 2 3 4 5 |  5.4
Shields        | 1 2 3 4 5 |  5.4
Unarmed Combat | 1 2 3 4 5 |  5.4
Evocations     | 1 2 3 4 5 |  5.4
Spellcasting   | 3 4 5 6 |  6.1
Conjurations   | 1 2 3 4 |  4.4
Hexes          | 1 2 3 4 |  4.4
Summonings     | 1 2 3 4 |  4.4
Necromancy     | 1 2 3 4 |  4.4
Translocations | 1 2 3 4 |  4.4
Transmutations | 1 2 3 4 |  4.4
Ice Magic      | 1 2 3 4 |  4.4
Air Magic      | 1 2 3 4 |  4.4
Earth Magic    | 1 2 3 5 |  5.8
Poison Magic   | 1 2 3 4 |  4.4
Fighting       | 7 8 |  8.6
Maces & Flails | 7 8 |  8.6
Fire Magic     | 6 7 |  7.1

Action                   |  1- 3 |  4- 6 |  7- 9 | 10-12 || total
-------------------------+-------+-------+-------+-------++-------
Melee: Mace              |    17 |    33 |   115 |       ||   165
       Bite              |       |     2 |    11 |     2 ||    15
       Punch             |       |       |     4 |       ||     4
       Unarmed           |       |       |    71 |    44 ||   115
       Flail             |       |       |       |    11 ||    11
Throw: Stone             |    46 |       |       |       ||    46
       Boomerang         |       |    12 |     2 |     5 ||    19
       Dart              |       |       |     4 |       ||     4
 Cast: Scorch            |    33 |    31 |    81 |    13 ||   158
       Summon Small Mamm |       |     7 |    40 |    11 ||    58
       Wereblood         |       |     2 |    11 |     1 ||    14
       Poisonous Vapours |       |       |     7 |     5 ||    12
       Spider Form       |       |       |    12 |     8 ||    20
       Stone Arrow       |       |       |     1 |     3 ||     4
Invok: Foxfire Swarm     |     1 |     1 |     3 |       ||     5
       Fiery Armour      |     1 |     2 |     1 |       ||     4
Evoke: Wand              |       |       |     6 |       ||     6
  Use: Scroll            |       |       |     8 |     3 ||    11
 Stab: Sleeping          |       |     2 |       |       ||     2
       Distracted        |       |       |     1 |     1 ||     2
       Paralysed         |       |       |    24 |       ||    24
Armor: Robe              |     5 |     4 |    29 |     2 ||    40
       Skin              |       |       |     2 |     2 ||     4
Dodge: Dodged            |    15 |    28 |   129 |    56 ||   228
